 Dungeon Crawl Stone Soup version 0.29.0-4-gdea44cf6ec (webtiles) character file.

Game seed: 4939205890714387723

26326 qw the Cleaver (level 13, -3/76 HPs)
             Began as a Tengu Warper on Aug 28, 2022.
             Was an Elder of Okawaru.
             Killed from afar by a manticore (17 damage)
             ... with a volley of spikes
             ... on level 5 of the Lair of Beasts.
             The game lasted 00:01:38 (15652 turns).

qw the Cleaver (Tengu Warper)                      Turns: 15652, Time: 00:01:39

Health: -3/76      AC: 37    Str: 16    XL:     13   Next: 25%
Magic:  21/21      EV:  9    Int: 14    God:    Okawaru [****..]
Gold:   1556       SH: 18    Dex: 14    Spells: 16/16 levels left

rFire   + . .      SeeInvis .   Y - +4 hand axe (elec)
rCold   + . .      Faith    .   b - +0 kite shield {AC+3}
rNeg    . . .      Spirit   .   v - +5 plate armour {rF+}
rPois   .          Reflect  +   r - +2 hat
rElec   .          Harm     .   k - +2 cloak {Stlth+}
rCorr   .          Rampage  .   d - +2 pair of gloves
Will    .....                   (boots unavailable)
Stlth   ..........              t - amulet of reflection
HPRegen 0.22/turn               f - +4 ring of protection
MPRegen 0.17/turn               c - ring of protection from cold

@: heroic, spiked, flying quickly and evasively, quick
A: beak, talons 3, nimble flight
a: Renounce Religion, Heroism, Finesse


You were on level 5 of the Lair of Beasts.
You worshipped Okawaru.
Okawaru was greatly pleased with you.
You visited 3 branches of the dungeon, and saw 14 of its levels.

You collected 1556 gold pieces.


Innate Abilities, Weirdness & Mutations

You have a beak for a mouth.
You have claws for feet.
Your magical nature lets you fly swiftly and evasively.


   Skills:
 + Level 7.5(12.5) Fighting
 - Level 14.1(19.1) Axes
 - Level 2.5(7.5) Throwing
 - Level 8.1(13.1) Armour
 - Level 5.3(10.3) Dodging
 - Level 9.0(14.0) Shields
 - Level 2.0 Spellcasting
 - Level 2.4 Translocations
 - Level 10.0 Invocations


You had 16 spell levels left.
You didn't know any spells.
Your spell library contained the following spells:

 Spells                   Type           Power      Damage    Failure   Level
 Blink                    Tloc           16%        N/A       99%         2
 Gell's Gravitas          Tloc           8%         N/A       100%        3
 Lesser Beckoning         Tloc           8%         N/A       100%        3
 Teleport Other           Tloc           8%         N/A       100%        3
 Manifold Assault         Tloc           8%         N/A       100%        5

Inventory:

Hand Weapons
 l - a +0 flail
 Y - a +4 hand axe of electrocution (weapon)
Missiles
 u - 2 boomerangs (quivered)
Armour
 b - a +0 kite shield of protection (worn)
 d - a +2 pair of gloves (worn)
 k - a +2 cloak of stealth (worn)
 r - a +2 hat (worn)
 v - a +5 plate armour of fire resistance (worn)
Jewellery
 c - a ring of protection from cold (right hand)
 f - a +4 ring of protection (left hand)
 h - a +6 ring of dexterity
 t - an amulet of reflection (around neck)
Scrolls
 g - a scroll of identify
Potions
 a - a potion of might
 e - 7 potions of haste
 i - 2 potions of mutation
 n - 2 potions of cancellation
 o - 6 potions of curing
 s - a potion of attraction {unknown}

Dungeon Overview and Level Annotations

Branches:
Dungeon (8/15)             Temple (1/1) D:6            Lair (5/5) D:8
 Shoals (0/4) Lair:2       Spider (0/4) Lair:2        Slime (0/5) Lair:4

Altars:
Ashenzari
Dithmenos
Fedhas
Gozag
Hepliaklqana
Kikubaaqudgha
Makhleb
Nemelex Xobeh
Okawaru
Qazlal
Ru
Trog
Uskayaw
Vehumet
Wu Jian
Xom
Yredelemnul
Zin
The Shining One

Annotations:
D:1 1 runed translucent door
D:3 2 transporters
Lair:4 1 runed translucent door


Message History

A polar bear comes into view.
You barely miss the cane toad.
The polar bear growls angrily.
You claw the cane toad.
The cane toad is lightly wounded.
You hit the water moccasin. You block the water moccasin's attack.
You block the cane toad's attack.
You hit the cane toad but do no damage.
Lightning courses through the cane toad!!
You claw the cane toad.
The cane toad is heavily wounded.
You barely miss the water moccasin. The water moccasin closely misses you.
The cane toad stings you but does no damage.
The steam dragon breathes steam at you. The ball of steam misses you.
You hear a screech!
You hear an angry hiss. x2
You hear an angry buzzing noise.
You slash the cane toad!
Lightning courses through the cane toad!!
You kill the cane toad!
Okawaru accepts your kill.
You miss the water moccasin. You block the water moccasin's attack.
You closely miss the water moccasin. You claw the water moccasin!
The water moccasin is heavily wounded.
You block the water moccasin's attack.
You hit the water moccasin. Your kick misses the water moccasin.
The water moccasin is severely wounded.
You hit the cane toad but do no damage.
Your surroundings suddenly seem different. 2 drakes, a manticore, a merfolk avatar, a harpy and a komodo dragon come into view.
The rime drake hisses angrily.
The wind drake hisses angrily.
The merfolk avatar shouts!
You hear an angry hiss. x2; You hear a screech!
A sea snake comes into view.
The harpy claws you but does no damage. You block the harpy's attack.
The manticore flicks its tail.
The volley of spikes hits you!
The barbed spikes become lodged in your body.
You die...

####### .
#}P~~~ ~.##
#~~~. ..~~#
~..k#
..~~~~#.~~#
#~~~#~~~#
#~~.Sk~.#
#@H~# #~~~#
#.~m8~~
.}H~l~~~~
~####~~~~
P# .~~~ ~
8~~ ~~ ~.


You could see a merfolk avatar, a sea snake, a wind drake (repels missiles), a
manticore, a komodo dragon, a harpy and a rime drake.

Vanquished Creatures
  Josephine (Lair:4)
  2 hydras
  6 death yaks (Lair:3)
  A manticore (D:7)
  A cyclops (D:7)
  8 elephants
  3 merfolk sirens (Lair:2)
  5 black mambas
  10 cane toads
  A rime drake (Lair:4)
  2 kobold demonologists (D:7)
  6 komodo dragons
  A troll (D:7)
  2 polar bears
  Prince Ribbit (D:5)
  9 blink frogs
  Sigmund (D:6)
  4 yaks (Lair:4)
  3 wraiths (Lair:4)
  7 wyverns
  2 vampire mosquitoes (D:7)
  A basilisk (Lair:1)
  An acid dragon (D:8)
  5 water moccasins
  Duvessa (D:7)
  5 black bears
  A sky beast (D:6)
  5 orc warriors
  2 ice beasts
  9 wolves (Lair:2)
  An ogre (D:8)
  2 phantoms
  8 bullfrogs
  2 wights (D:7)
  Dowan (D:7)
  4 howler monkeys (D:8)
  2 jellies
  3 orc priests
  2 hounds
  6 iguanas
  4 orc wizards
  A gnoll (D:7)
  7 adders
  A shadow imp (D:5)
  A white imp (D:6)
  2 ufetubi
  A worm (D:2)
  4 dart slugs
  45 orcs
  8 bats
  8 endoplasms
  A giant cockroach (D:4)
  6 goblins
  5 hobgoblins
  7 jackals
  5 quokkas
  6 ball pythons
  2 frilled lizards
  5 kobolds
  6 rats
  A bush (Lair:3)
263 creatures vanquished.

Vanquished Creatures (others)
  Nessos (Lair:5)
  7 fungi
  13 plants
21 creatures vanquished.

Grand Total: 284 creatures vanquished

Notes
Turn   | Place    | Note
-------+----------+-------------------------------------------
     0 | D:1      | qw the Tengu Warper began the quest for the Orb.
     0 | D:1      | Reached XP level 1. HP: 12/12 MP: 4/4
     0 | D:1      | 0 ||| qw: Version: 0.1-a-89-g26bdef1
     0 | D:1      | 0 ||| qw: Game counter: 2124
     0 | D:1      | 0 ||| qw: Always use a shield: true
     0 | D:1      | 0 ||| qw: God list: Okawaru
     0 | D:1      | 0 ||| qw: Allow faded altars: false
     0 | D:1      | 0 ||| qw: Do Orc after D:15 true
     0 | D:1      | 0 ||| qw: Do second Lair branch before Depths: true
     0 | D:1      | 0 ||| qw: Lair rune preference: random
     0 | D:1      | 0 ||| qw: Plans: Normal
     0 | D:1      | 0 ||| PLANNING D:1-11
     1 | D:1      | Found a runed translucent door.
    37 | D:1      | 37 ||| Stepping ~*~*~tactically~*~*~ (stealth).
    39 | D:1      | 39 ||| Stepping ~*~*~tactically~*~*~ (stealth).
    50 | D:1      | 50 ||| Stepping ~*~*~tactically~*~*~ (stealth).
    56 | D:1      | Reached XP level 2. HP: 10/17 MP: 6/6
    82 | D:1      | 82 ||| Stepping ~*~*~tactically~*~*~ (stealth).
    94 | D:1      | 94 ||| Stepping ~*~*~tactically~*~*~ (stealth).
   101 | D:1      | HP: 4/17 [quokka (3)]
   102 | D:1      | Reached skill level 3 in Axes
   545 | D:1      | 545 ||| DROPPING +0 club.
   585 | D:1      | Found a faded altar of an unknown god.
  1472 | D:1      | Reached XP level 3. HP: 21/21 MP: 7/7
  1629 | D:1      | 1629 ||| READING scroll labelled VIPSIJ ONUG.
  1630 | D:1      | 1630 ||| READING scroll labelled PUNUEC ZUZI.
  1631 | D:1      | 1631 ||| READING scroll labelled UTAXOEWNIR.
  1632 | D:1      | 1632 ||| READING 3 scrolls labelled PARCHI SUEN OHOE.
  1633 | D:1      | 1633 ||| DROPPING scroll of blinking.
  1821 | D:2      | Reached skill level 4 in Axes
  2009 | D:2      | 2009 ||| READING 3 scrolls of identify.
  2009 | D:2      | 2009 ||| IDENTIFYING glowing sapphire potion
  2014 | D:2      | 2014 ||| DROPPING potion of lignification.
  2015 | D:2      | 2015 ||| Stepping randomly (stuck).
  2160 | D:2      | Reached XP level 4. HP: 21/26 MP: 8/8
  3166 | D:2      | 3166 ||| UPGRADING to +0 pair of gloves.
  3171 | D:2      | 3171 ||| UPGRADING to +4 ring of protection.
  3172 | D:2      | 3172 ||| READING scroll labelled AGAKYO MIFIOV.
  3176 | D:2      | 3176 ||| READING 2 scrolls of identify.
  3176 | D:2      | 3176 ||| IDENTIFYING puce potion
  3205 | D:3      | 3205 ||| Stepping ~*~*~tactically~*~*~ (hiding).
  3272 | D:3      | 3272 ||| Stepping ~*~*~tactically~*~*~ (stealth).
  3282 | D:3      | Reached skill level 5 in Axes
  3336 | D:3      | Found a transporter.
  3362 | D:3      | Noticed a small abomination
  3550 | D:3      | Found a transporter.
  3568 | D:3      | 3568 ||| READING scroll of enchant weapon.
  3568 | D:3      | 3568 ||| ENCHANTING +1 hand axe.
  3766 | D:3      | 3766 ||| Stepping ~*~*~tactically~*~*~ (hiding).
  3868 | D:3      | 3868 ||| Stepping ~*~*~tactically~*~*~ (hiding).
  3876 | D:3      | Gained mutation: Your magical nature lets you fly swiftly
                  | and evasively. [Tengu growth]
  3876 | D:3      | Reached XP level 5. HP: 30/30 MP: 9/9
  3906 | D:3      | 3906 ||| DROPPING +0 whip.
  3958 | D:3      | 3958 ||| Stepping ~*~*~tactically~*~*~ (stealth).
  4021 | D:3      | Found an ornate altar of the Wu Jian Council.
  4027 | D:3      | 4027 ||| UPGRADING to +0 chain mail.
  4037 | D:3      | 4037 ||| DROPPING +0 leather armour.
  4038 | D:3      | 4038 ||| READING scroll labelled CYOJUOT SAUZOM.
  4039 | D:3      | 4039 ||| READING scroll labelled GURINO KIOC.
  4141 | D:4      | Noticed a black bear
  4141 | D:4      | Noticed a phantom
  4141 | D:4      | Noticed a black bear
  4142 | D:4      | 4142 ||| Stepping ~*~*~tactically~*~*~ (stealth).
  4152 | D:4      | 4152 ||| Stepping ~*~*~tactically~*~*~ (stealth).
  4155 | D:4      | 4155 ||| Stepping ~*~*~tactically~*~*~ (stealth).
  4159 | D:4      | Killed a phantom
  4160 | D:4      | Reached skill level 3 in Armour
  4160 | D:4      | Reached XP level 6. HP: 12/35 MP: 10/10
  4165 | D:4      | Killed a black bear
  4166 | D:4      | Reached skill level 6 in Axes
  4168 | D:4      | 4168 ||| FLEEEEING.
  4412 | D:4      | 4412 ||| READING scroll of enchant armour.
  4412 | D:4      | 4412 ||| ENCHANTING +0 pair of gloves.
  4430 | D:4      | 4430 ||| READING scroll of enchant armour.
  4430 | D:4      | 4430 ||| ENCHANTING +1 pair of gloves.
  4460 | D:4      | 4460 ||| FLEEEEING.
  4461 | D:4      | 4461 ||| FLEEEEING.
  4462 | D:4      | 4462 ||| FLEEEEING.
  4463 | D:4      | 4463 ||| FLEEEEING.
  4464 | D:4      | 4464 ||| FLEEEEING.
  4465 | D:4      | 4465 ||| FLEEEEING.
  4467 | D:4      | 4467 ||| FLEEEEING.
  4472 | D:4      | 4472 ||| FLEEEEING.
  4483 | D:4      | 4483 ||| FLEEEEING.
  4488 | D:4      | 4488 ||| STAIRDANCE
  4597 | D:3      | 4597 ||| UPGRADING to +0 kite shield of protection.
  4774 | D:4      | 4774 ||| Stepping ~*~*~tactically~*~*~ (stealth).
  4784 | D:4      | Killed a black bear
  4785 | D:4      | Reached XP level 7. HP: 40/40 MP: 11/11
  4910 | D:4      | Found a shimmering altar of Xom.
  4981 | D:4      | 4981 ||| Stepping ~*~*~tactically~*~*~ (hiding).
  5000 | D:4      | 5000 ||| Stepping ~*~*~tactically~*~*~ (stealth).
  5237 | D:4      | 5237 ||| UPGRADING to +2 scale mail of fire resistance.
  5247 | D:4      | 5247 ||| READING 2 scrolls of identify.
  5247 | D:4      | 5247 ||| IDENTIFYING metallic green potion
  5266 | D:5      | Entered Level 5 of the Dungeon
  5279 | D:5      | Noticed Prince Ribbit
  5290 | D:5      | Reached skill level 3 in Shields
  5308 | D:5      | Killed Prince Ribbit
  5493 | D:5      | Reached skill level 7 in Axes
  5564 | D:5      | Reached XP level 8. HP: 44/44 MP: 12/12
  5611 | D:5      | Reached skill level 3 in Fighting
  5664 | D:5      | 5664 ||| READING scroll of enchant weapon.
  5664 | D:5      | 5664 ||| ENCHANTING +2 hand axe.
  5891 | D:5      | 5891 ||| UPGRADING to amulet of reflection.
  5896 | D:5      | 5896 ||| DROPPING ring of magical power.
  5897 | D:5      | 5897 ||| UPGRADING to +6 ring of dexterity.
  5898 | D:5      | 5898 ||| READING scroll labelled SONAHEM NOOXTI.
  5999 | D:5      | 5999 ||| READING scroll labelled UPSIYRGHITUF.
  6010 | D:6      | 6010 ||| STAIRDANCE
  6056 | D:6      | Found a sacrificial altar of Ru.
  6272 | D:6      | Reached skill level 3 in Dodging
  6446 | D:6      | Found a staircase to the Ecumenical Temple.
  6447 | D:6      | 6447 ||| PLANNING TEMPLE
  6447 | D:6      | 6447 ||| READING scroll labelled YMNEEM RAFU.
  6448 | D:6      | 6448 ||| READING scroll labelled WYATTO QEMMATA.
  6449 | D:6      | 6449 ||| DRINKING 2 ruby potions.
  6450 | D:6      | 6450 ||| DROPPING potion of magic.
  6451 | D:6      | 6451 ||| READING scroll of teleportation.
  6526 | Temple   | Entered the Ecumenical Temple
  6533 | Temple   | Became a worshipper of Warmaster Okawaru
  6659 | Temple   | 6659 ||| PLANNING D:1-11
  6865 | D:6      | Reached skill level 8 in Axes
  6987 | D:6      | Noticed Sigmund
  6988 | D:6      | 6988 ||| Stepping ~*~*~tactically~*~*~ (hiding).
  7003 | D:6      | Killed Sigmund
  7170 | D:6      | 7170 ||| READING 2 scrolls of identify.
  7170 | D:6      | 7170 ||| IDENTIFYING dark potion
  7184 | D:7      | Reached skill level 9 in Axes
  7204 | D:7      | Found a glowing golden altar of the Shining One.
  7246 | D:7      | Reached * piety under Okawaru
  7260 | D:7      | Reached skill level 1 in Invocations
  7260 | D:7      | Reached XP level 9. HP: 42/52 MP: 13/13
  7423 | D:7      | Noticed Dowan
  7425 | D:7      | 7425 ||| INVOKING Heroism.
  7429 | D:7      | Killed Dowan
  7429 | D:7      | Noticed Duvessa
  7441 | D:7      | Killed Duvessa
  7608 | D:7      | 7608 ||| Stepping ~*~*~tactically~*~*~ (stealth).
  7694 | D:7      | 7694 ||| INVOKING Heroism.
  7715 | D:7      | Found a burning altar of Makhleb.
  7717 | D:7      | Found a hide-covered altar of Uskayaw.
  7880 | D:7      | 7880 ||| Stepping ~*~*~tactically~*~*~ (stealth).
  7970 | D:7      | Noticed a cyclops
  7971 | D:7      | 7971 ||| Stepping ~*~*~tactically~*~*~ (stealth).
  7973 | D:7      | 7973 ||| INVOKING Heroism.
  7975 | D:7      | Noticed a troll
  7976 | D:7      | 7976 ||| Stepping ~*~*~tactically~*~*~ (stealth).
  7985 | D:7      | Reached skill level 3 in Invocations
  7998 | D:7      | Killed a cyclops
  7998 | D:7      | Reached ** piety under Okawaru
  7999 | D:7      | Reached skill level 6 in Shields
  8055 | D:7      | 8055 ||| INVOKING Heroism.
  8064 | D:7      | Killed a troll
  8097 | D:7      | Identified the ring of Devotion {rN+ Stlth+}
  8097 | D:7      | Noticed a kobold demonologist
  8104 | D:7      | Killed a kobold demonologist
  8105 | D:7      | Reached skill level 10 in Axes
  8149 | D:7      | Noticed a kobold demonologist
  8150 | D:7      | 8150 ||| INVOKING Heroism.
  8150 | D:7      | Noticed a manticore
  8151 | D:7      | 8151 ||| Stepping ~*~*~tactically~*~*~ (stealth).
  8161 | D:7      | Killed a kobold demonologist
  8162 | D:7      | Reached XP level 10. HP: 57/57 MP: 12/14
  8171 | D:7      | Reached *** piety under Okawaru
  8179 | D:7      | 8179 ||| Stepping ~*~*~tactically~*~*~ (stealth).
  8181 | D:7      | 8181 ||| INVOKING Heroism.
  8184 | D:7      | 8184 ||| Stepping ~*~*~tactically~*~*~ (hiding).
  8209 | D:7      | Killed a manticore
  8462 | D:7      | 8462 ||| DROPPING +0 chain mail.
  8463 | D:7      | 8463 ||| UPGRADING to +0 plate armour.
  8473 | D:7      | 8473 ||| DROPPING +2 scale mail of fire resistance.
  8474 | D:7      | 8474 ||| UPGRADING to +2 hat.
  8479 | D:7      | 8479 ||| UPGRADING to +2 plate armour of fire resistance.
  8489 | D:7      | 8489 ||| DROPPING +0 plate armour.
  8490 | D:7      | 8490 ||| READING scroll of enchant armour.
  8490 | D:7      | 8490 ||| ENCHANTING +2 plate armour of fire resistance.
  8491 | D:7      | 8491 ||| UPGRADING to ring of protection from cold.
  8493 | D:7      | 8493 ||| READING scroll labelled KACKEO ES BOTU.
  8540 | D:8      | 8540 ||| Stepping ~*~*~tactically~*~*~ (stealth).
  8544 | D:8      | 8544 ||| INVOKING Heroism.
  8572 | D:8      | 8572 ||| INVOKING Heroism.
  8581 | D:8      | 8581 ||| Stepping ~*~*~tactically~*~*~ (stealth).
  8584 | D:8      | 8584 ||| Stepping ~*~*~tactically~*~*~ (stealth).
  8594 | D:8      | 8594 ||| Stepping ~*~*~tactically~*~*~ (stealth).
  8603 | D:8      | 8603 ||| Stepping ~*~*~tactically~*~*~ (stealth).
  8608 | D:8      | 8608 ||| Stepping ~*~*~tactically~*~*~ (stealth).
  8612 | D:8      | 8612 ||| Stepping ~*~*~tactically~*~*~ (stealth).
  8618 | D:8      | 8618 ||| Stepping ~*~*~tactically~*~*~ (stealth).
  8619 | D:8      | 8619 ||| INVOKING Heroism.
  8637 | D:8      | 8637 ||| Stepping ~*~*~tactically~*~*~ (stealth).
  8638 | D:8      | 8638 ||| Stepping ~*~*~tactically~*~*~ (stealth).
  8639 | D:8      | 8639 ||| Stepping ~*~*~tactically~*~*~ (stealth).
  8640 | D:8      | 8640 ||| INVOKING Heroism.
  8729 | D:8      | 8729 ||| Stepping ~*~*~tactically~*~*~ (stealth).
  8742 | D:8      | 8742 ||| Stepping ~*~*~tactically~*~*~ (hiding).
  8743 | D:8      | 8743 ||| Stepping ~*~*~tactically~*~*~ (hiding).
  9065 | D:8      | 9065 ||| READING scroll of enchant armour.
  9065 | D:8      | 9065 ||| ENCHANTING +3 plate armour of fire resistance.
  9159 | D:8      | Reached skill level 11 in Axes
  9159 | D:8      | 9159 ||| INVOKING Heroism.
  9370 | D:8      | Found a staircase to the Lair.
  9717 | D:8      | 9717 ||| PLANNING LAIR
  9717 | D:8      | 9717 ||| DROPPING scarf of harm.
  9718 | D:8      | 9718 ||| READING scroll labelled KEGETRIUSU.
  9718 | D:8      | Identified a scroll of acquirement
  9718 | D:8      | 9718 ||| ACQUIRING 850 gold pieces
  9718 | D:8      | Acquired 850 gold pieces
  9720 | D:8      | 9720 ||| DRINKING 2 fuming yellow potions.
  9819 | Lair:1   | Entered Level 1 of the Lair of Beasts
  9896 | Lair:1   | 9896 ||| INVOKING Heroism.
  9914 | Lair:1   | Reached **** piety under Okawaru
 10071 | Lair:1   | 10071 ||| INVOKING Heroism.
 10089 | Lair:1   | 10089 ||| INVOKING Heroism.
 10119 | Lair:1   | Noticed a cane toad
 10120 | Lair:1   | 10120 ||| INVOKING Heroism.
 10126 | Lair:1   | Killed a cane toad
 10127 | Lair:1   | Reached XP level 11. HP: 57/63 MP: 12/15
 10230 | Lair:1   | Reached skill level 12 in Axes
 10276 | Lair:1   | 10276 ||| INVOKING Heroism.
 10376 | Lair:1   | 10376 ||| INVOKING Heroism.
 10462 | Lair:1   | 10462 ||| INVOKING Heroism.
 10475 | Lair:1   | Reached skill level 6 in Armour
 10559 | Lair:1   | 10559 ||| Stepping ~*~*~tactically~*~*~ (stealth).
 10751 | Lair:1   | Noticed a six-headed hydra
 10752 | Lair:1   | 10752 ||| INVOKING Heroism.
 10755 | Lair:1   | 10755 ||| SWAPPING to +0 flail.
 10762 | Lair:1   | Killed a six-headed hydra
 10763 | Lair:1   | Reached skill level 6 in Invocations
 10763 | Lair:1   | 10763 ||| SWAPPING to +3 hand axe of electrocution.
 11083 | Lair:1   | 11083 ||| READING scroll labelled HAYZIP OTUDGH.
 11271 | Lair:2   | 11271 ||| INVOKING Heroism.
 11284 | Lair:2   | Reached ***** piety under Okawaru
 11285 | Lair:2   | Reached skill level 6 in Fighting
 11330 | Lair:2   | 11330 ||| Stepping ~*~*~tactically~*~*~ (stealth).
 11331 | Lair:2   | 11331 ||| Stepping ~*~*~tactically~*~*~ (stealth).
 11474 | Lair:2   | 11474 ||| Stepping ~*~*~tactically~*~*~ (stealth).
 11476 | Lair:2   | 11476 ||| Stepping ~*~*~tactically~*~*~ (stealth).
 11480 | Lair:2   | 11480 ||| Stepping ~*~*~tactically~*~*~ (stealth).
 11493 | Lair:2   | Identified the +1 pair of gloves "Wonoskeb" {rCorr}
                  | (Okawaru gifted it to you on level 2 of the Lair of Beasts)
 11493 | Lair:2   | Received a gift from Okawaru
 11512 | Lair:2   | 11512 ||| INVOKING Heroism.
 11606 | Lair:2   | Found a hole to the Spider Nest.
 11726 | Lair:2   | 11726 ||| INVOKING Heroism.
 11847 | Lair:2   | 11847 ||| INVOKING Heroism.
 11972 | Lair:2   | 11972 ||| Stepping ~*~*~tactically~*~*~ (stealth).
 12093 | Lair:2   | 12093 ||| INVOKING Heroism.
 12163 | Lair:2   | Found a staircase to the Shoals.
 12172 | Lair:2   | Reached XP level 12. HP: 63/70 MP: 17/19
 12312 | Lair:2   | 12312 ||| READING scroll of enchant weapon.
 12312 | Lair:2   | 12312 ||| ENCHANTING +3 hand axe of electrocution.
 12421 | Lair:2   | 12421 ||| DROPPING +1 pair of gloves "Wonoskeb" {rCorr}.
 12422 | Lair:2   | 12422 ||| READING 4 scrolls of identify.
 12422 | Lair:2   | 12422 ||| IDENTIFYING brown potion
 12423 | Lair:2   | 12423 ||| READING 3 scrolls of identify.
 12423 | Lair:2   | 12423 ||| IDENTIFYING fuming emerald potion
 12424 | Lair:2   | 12424 ||| READING 2 scrolls of identify.
 12424 | Lair:2   | 12424 ||| IDENTIFYING viscous black potion
 12425 | Lair:2   | 12425 ||| DROPPING potion of degeneration.
 12445 | Lair:3   | 12445 ||| INVOKING Heroism.
 12540 | Lair:3   | 12540 ||| INVOKING Heroism.
 12650 | Lair:3   | Reached skill level 13 in Axes
 12657 | Lair:3   | 12657 ||| INVOKING Heroism.
 13112 | Lair:3   | Noticed a seven-headed hydra
 13113 | Lair:3   | 13113 ||| INVOKING Heroism.
 13114 | Lair:3   | 13114 ||| INVOKING Finesse.
 13117 | Lair:3   | 13117 ||| SWAPPING to +0 flail.
 13128 | Lair:3   | Killed a seven-headed hydra
 13129 | Lair:3   | 13129 ||| SWAPPING to +4 hand axe of electrocution.
 13477 | Lair:3   | Noticed a death yak
 13477 | Lair:3   | 13477 ||| Stepping ~*~*~tactically~*~*~ (stealth).
 13479 | Lair:3   | 13479 ||| INVOKING Heroism.
 13480 | Lair:3   | 13480 ||| INVOKING Finesse.
 13480 | Lair:3   | Noticed a death yak
 13481 | Lair:3   | 13481 ||| Stepping ~*~*~tactically~*~*~ (stealth).
 13483 | Lair:3   | 13483 ||| INVOKING Finesse.
 13486 | Lair:3   | Noticed a death yak
 13493 | Lair:3   | Reached skill level 9 in Invocations
 13498 | Lair:3   | 13498 ||| Stepping ~*~*~tactically~*~*~ (stealth).
 13506 | Lair:3   | Killed a death yak
 13518 | Lair:3   | Noticed a death yak
 13519 | Lair:3   | Killed a death yak
 13530 | Lair:3   | Killed a death yak
 13530 | Lair:3   | Received a gift from Okawaru
 13533 | Lair:3   | Noticed a death yak
 13546 | Lair:3   | Killed a death yak
 13676 | Lair:3   | 13676 ||| FLEEEEING.
 13677 | Lair:3   | 13677 ||| FLEEEEING.
 13678 | Lair:3   | 13678 ||| FLEEEEING.
 13681 | Lair:3   | Noticed a death yak
 13682 | Lair:3   | 13682 ||| Stepping ~*~*~tactically~*~*~ (stealth).
 13684 | Lair:3   | 13684 ||| INVOKING Heroism.
 13685 | Lair:3   | 13685 ||| Stepping ~*~*~tactically~*~*~ (stealth).
 13686 | Lair:3   | 13686 ||| INVOKING Finesse.
 13692 | Lair:3   | 13692 ||| Stepping ~*~*~tactically~*~*~ (stealth).
 13693 | Lair:3   | 13693 ||| Stepping ~*~*~tactically~*~*~ (stealth).
 13699 | Lair:3   | Killed a death yak
 13699 | Lair:3   | Received a gift from Okawaru
 13708 | Lair:3   | Killed a death yak
 14122 | Lair:3   | 14122 ||| UPGRADING to +2 cloak of stealth.
 14127 | Lair:3   | 14127 ||| READING 2 scrolls of identify.
 14127 | Lair:3   | 14127 ||| IDENTIFYING glowing blue potion
 14128 | Lair:3   | 14128 ||| DROPPING potion of berserk rage.
 14150 | Lair:4   | 14150 ||| INVOKING Heroism.
 14153 | Lair:4   | 14153 ||| STAIRDANCE
 14165 | Lair:4   | 14165 ||| STAIRDANCE
 14185 | Lair:3   | Reached skill level 14 in Axes
 14271 | Lair:4   | 14271 ||| INVOKING Heroism.
 14350 | Lair:4   | 14350 ||| INVOKING Heroism.
 14377 | Lair:4   | 14377 ||| Stepping ~*~*~tactically~*~*~ (stealth).
 14386 | Lair:4   | Reached XP level 13. HP: 72/76 MP: 21/21
 14453 | Lair:4   | 14453 ||| INVOKING Heroism.
 14454 | Lair:4   | 14454 ||| Stepping ~*~*~tactically~*~*~ (stealth).
 14471 | Lair:4   | 14471 ||| INVOKING Heroism.
 14568 | Lair:4   | 14568 ||| INVOKING Heroism.
 14797 | Lair:4   | 14797 ||| READING scroll of enchant armour.
 14797 | Lair:4   | 14797 ||| ENCHANTING +4 plate armour of fire resistance.
 15038 | Lair:4   | Found a runed translucent door.
 15038 | Lair:4   | Noticed Josephine
 15039 | Lair:4   | Noticed an azure jelly
 15039 | Lair:4   | Noticed an azure jelly
 15041 | Lair:4   | Found a staircase to the Slime Pits.
 15052 | Lair:4   | 15052 ||| INVOKING Heroism.
 15054 | Lair:4   | Killed Josephine
 15478 | Lair:4   | Reached skill level 9 in Shields
 15623 | Lair:5   | Entered Level 5 of the Lair of Beasts
 15623 | Lair:5   | Noticed Nessos
 15624 | Lair:5   | 15624 ||| INVOKING Heroism.
 15630 | Lair:5   | 15630 ||| Stepping ~*~*~tactically~*~*~ (cloud).
 15632 | Lair:5   | 15632 ||| Stepping ~*~*~tactically~*~*~ (cloud).
 15635 | Lair:5   | Killed Nessos
 15638 | Lair:5   | 15638 ||| Stepping ~*~*~tactically~*~*~ (cloud).
 15639 | Lair:5   | HP: 5/76 [catoblepas (18)]
 15640 | Lair:5   | 15640 ||| READING 2 scrolls of teleportation.
 15641 | Lair:5   | 15641 ||| DRINKING potion of heal wounds.
 15642 | Lair:5   | 15642 ||| Stepping ~*~*~tactically~*~*~ (cloud).
 15645 | Lair:5   | HP: 13/76 [catoblepas (20)]
 15647 | Lair:5   | 15647 ||| READING scroll of teleportation.
 15652 | Lair:5   | Killed from afar by a manticore

Levels and vault maps discovered:
D:1:      dpeg_arrival_caged_fury, layout_loops_corners,
          hellmonk_ecumenical_altar_crossroads, minmay_hexomino_c4
D:2:      layout_basic, wad_orctagon
D:3:      layout_loops_cross, mainiacjoe_overflow_brackets,
          gammafunk_ghost_abyssal_escape
D:4:      layout_basic, mainiacjoe_overflow_alcove_2, serial_bayou,
          serial_bayou_lake_a, serial_bayou_shore_a, serial_bayou_pond_b,
          serial_bayou_pond_b
D:5:      layout_basic, uniq_prince_ribbit1
D:6:      layout_gridville, mainiacjoe_overflow_chevrons, temple_doors_e,
          uniq_sigmund
D:7:      minmay_the_grid_triangle_9x9_recursive_2
          [minmay_the_grid_triangle_9x9_prize_schism,
          minmay_the_grid_triangle_9x9_flanged_cone,
          minmay_the_grid_triangle_9x9_pentomino_pain,
          minmay_the_grid_triangle_9x9_odd_lines], layout_loops_ring,
          mainiacjoe_overflow_alcove_1, nicolae_overflow_squiral, uniq_duvessa
D:8:      layout_loops_ring, erik_lair_dragon, special_room [special_room_orc],
          abandoned_shop
Temple:   nicolae_temple_bog_church
Lair:1:   layout_cave_pods, grunt_forest_small_clearing_treed
Lair:2:   layout_chaotic_city, elwin_shoals_entry_rooms,
          spider_nest_entry_web_field, nicolae_lair_lil_pond
Lair:3:   layout_cave_pods
Lair:4:   layout_gridlike, slime_entry_2, grunt_megastairs_2, uniq_josephine
Lair:5:   gammafunk_lair_ancient_temple, layout_cave_pods, uniq_nessos

Skill      XL: |  1  2  3  4  5  6  7  8  9 10 11 12 13 |
---------------+----------------------------------------+-----
Axes           | 3 4 5 6 7 9 10 11 12 14 | 14.1
Armour         | 3 5 6 7 8 |  8.1
Shields        | 2 4 5 6 7 8 9 |  9.0
Fighting       | 3 4 5 6 7 |  7.5
Dodging        | 3 5 |  5.3
Invocations    | 1 4 8 10 | 10.0
Throwing       | 2 |  2.5
Spellcasting   | |  2.0
Translocations | |  2.4

Action                   |  1- 3 |  4- 6 |  7- 9 | 10-12 | 13-15 || total
-------------------------+-------+-------+-------+-------+-------++-------
Melee: Hand axe          |   104 |   104 |   222 |   484 |    82 ||   996
       Kick              |    19 |    23 |    76 |   202 |    30 ||   350
       Peck              |    11 |    16 |    42 |   136 |    14 ||   219
       Punch             |     1 |     1 |       |       |       ||     2
       Flail             |       |       |       |    14 |       ||    14
Throw: Boomerang         |    13 |    45 |    27 |   114 |    13 ||   212
Invok: Heroism           |       |       |     5 |    28 |     5 ||    38
       Finesse           |       |       |       |     3 |       ||     3
  Use: Scroll            |     5 |     7 |     8 |    10 |     3 ||    33
       Potion            |       |       |     1 |     1 |     1 ||     3
Armor: Leather armour    |    25 |     9 |       |       |       ||    34
       Chain mail        |       |    43 |     6 |       |       ||    49
       Scale mail        |       |       |    69 |     5 |       ||    74
       Plate armour      |       |       |       |   127 |    25 ||   152
Dodge: Dodged            |    69 |    55 |    58 |    66 |     9 ||   257
Block: Kite shield       |       |    10 |   110 |   257 |    40 ||   417
       Reflection        |       |       |       |     3 |     3 ||     6

Table legend:
 A = Non-vault XP
 B = Vault XP
 C = Vault XP percentage of total XP
 D = Non-vault monster count
 E = Vault monster count
 F = Vault count percentage of total count
                 A         B        C        D         E       F
            +---------+---------+-------+---------+---------+-------
      Total |   27612 |    9997 |  26.6 |     186 |      77 |  29.3
            +---------+---------+-------+---------+---------+-------
        D:1 |      27 |      10 |  27.0 |      16 |       6 |  27.3
        D:2 |      55 |      12 |  17.9 |      20 |       4 |  16.7
        D:3 |      84 |       0 |   0.0 |      17 |       0 |   0.0
        D:4 |     188 |     325 |  63.4 |      14 |       9 |  39.1
        D:5 |     419 |     277 |  39.8 |      11 |       1 |   8.3
        D:6 |     521 |     226 |  30.3 |      15 |       1 |   6.2
        D:7 |     346 |    3196 |  90.2 |       8 |      16 |  66.7
        D:8 |     227 |    2045 |  90.0 |       9 |      31 |  77.5
     Lair:1 |    3975 |       0 |   0.0 |      12 |       0 |   0.0
     Lair:2 |    5290 |    1421 |  21.2 |      23 |       3 |  11.5
     Lair:3 |   11558 |       0 |   0.0 |      24 |       0 |   0.0
     Lair:4 |    4086 |    1790 |  30.5 |      15 |       5 |  25.0
     Lair:5 |     836 |     695 |  45.4 |       2 |       1 |  33.3
            +---------+---------+-------+---------+---------+-------
